 Dungeon Crawl Stone Soup version 0.23-a0-163-g800ba1ec23 (webtiles) character file.

193 Napalmbreeze the Grave Robber (level 5, -3/28 HPs)
             Began as a Deep Elf Necromancer on Sept 9, 2018.
             Slain by an orc
             ... wielding a +0 hand axe
              (6 damage)
             ... on level 3 of the Dungeon.
             The game lasted 00:14:00 (2984 turns).

Napalmbreeze the Grave Robber (DENe)                Turns: 2984, Time: 00:14:00

Health: -3/28      AC:  3    Str:  5    XL:     5   Next: 44%
Magic:  3/14       EV: 13    Int: 25    God:
Gold:   131        SH:  0    Dex: 15    Spells: 4/13 levels left

rFire    . . .     SeeInvis .   o - +0 dagger (elec)
rCold    . . .     Gourm    +   (no shield)
rNeg     . . .     Faith    .   a - +0 robe
rPois    .         Spirit   .   l - +0 helmet
rElec    .         Reflect  .   (no cloak)
rCorr    .         Harm     .   (no gloves)
MR       +....                  (no boots)
Stlth    ++........             j - amulet of the gourmand
HPRegen  0.09/turn              i - +4 ring of intelligence
MPRegen  0.14/turn              k - ring of protection from magic

@: no status effects
A: no striking features
a: no special abilities


You were on level 3 of the Dungeon.
You were very full.

You visited 1 branch of the dungeon, and saw 3 of its levels.

You collected 131 gold pieces.

Inventory:

Hand Weapons
 o - a +0 dagger of electrocution (weapon)
Armour
 a - a +0 robe (worn)
 l - a +0 helmet (worn)
Jewellery
 i - a +4 ring of intelligence (left hand)
 j - an amulet of the gourmand (around neck)
 k - a ring of protection from magic (right hand)
Scrolls
 b - a scroll of random uselessness {unknown}
 e - 2 scrolls of identify {unknown}
 f - 2 scrolls of enchant armour {unknown}
 h - 2 scrolls of blinking {unknown}
 n - a scroll of amnesia {unknown}
 r - a scroll of teleportation {unknown}
Potions
 d - a potion of agility {unknown}
 g - a potion of resistance {unknown}
 m - a potion of might {unknown}
 p - a potion of heal wounds {unknown}
 s - a potion of cancellation {unknown}
Comestibles
 c - 4 rations
 q - 4 chunks of flesh


   Skills:
 - Level 2.4 Dodging
 - Level 2.4 Stealth
 + Level 4.9 Spellcasting
 * Level 7.3 Necromancy


You had 4 spell levels left.
You knew the following spells:

 Your Spells              Type           Power        Failure   Level  Hunger
a - Pain                  Necr           ####         1%          1    None
d - Vampiric Draining     Necr           #####.....   1%          3    ##.....
q - Animate Dead          Necr           N/A          4%          4    ####...
s - Animate Skeleton      Necr           N/A          1%          1    None

Your spell library contained the following spells:

 Spells                   Type           Power        Failure   Level  Hunger
 Regeneration             Chrm/Necr      ###.......   5%          3    ##.....


Dungeon Overview and Level Annotations

Branches:
Dungeon (3/15)

Altars:
Elyvilon
Kikubaaqudgha


Message History

Aim: an orc, wielding a dagger You kill the orc!
You feel life coursing into your body.
A goblin comes into view.
The orc priest calls down the wrath of Beogh upon you.
Beogh smites you!
Ouch! That really hurt!
* * * LOW HITPOINT WARNING * * *
The orc barely misses your orc skeleton.
Your orc skeleton closely misses the orc.
The orc barely misses your orc skeleton.
Your orc skeleton hits the orc with a dagger.
You swap places.
The orc hits your orc skeleton with an enchanted dagger.
The orc hits your orc skeleton with a hand axe.
Your orc skeleton hits the orc but does no damage.
You swap places.
The orc hits your orc skeleton but does no damage.
The orc hits you with a hand axe.
You die...

... ... #.....#.. ...
..... .........
#.).....# ##._8_..#.
###.#....?. #(........
.##.......# #).....#..
.##.#...#.# #(o...gg.#
.##.#...#.# ##Z##.##.#
..........# #Z#
.##.##..#.# #@#
.##.......# #o####
.....#)..#######....#
.##......)[Z.รท..#####
.##.##..#.#####.#
.......##.# #.###
####.#.#.## #...# #
##...# ###.# # ##.#
#.#


You could see 2 orcs and 2 friendly orc skeletons.

Vanquished Creatures
  Jessica (D:3)
  8 adders
  2 worms (D:2)
  3 dart slugs (D:1)
  8 orcs (D:3)
  2 ball pythons
  3 giant cockroaches
  12 goblins
  5 hobgoblins
  8 kobolds
  3 quokkas (D:3)
  16 bats
  2 frilled lizards
  8 rats
81 creatures vanquished.

Notes
Turn   | Place    | Note
-------+----------+-------------------------------------------
     0 | D:1      | Napalmbreeze the Deep Elf Necromancer began the quest for
                  | the Orb.
     0 | D:1      | Reached XP level 1. HP: 10/10 MP: 6/6
     2 | D:1      | Learned a level 1 spell: Animate Skeleton
    92 | D:1      | Reached skill level 5 in Necromancy
   223 | D:1      | Reached XP level 2. HP: 10/15 MP: 1/8
  1067 | D:2      | Reached XP level 3. HP: 16/19 MP: 5/10
  1072 | D:2      | Learned a level 3 spell: Vampiric Draining
  1317 | D:2      | Reached skill level 6 in Necromancy
  1574 | D:2      | Reached XP level 4. HP: 22/24 MP: 9/12
  1823 | D:2      | Learned a level 4 spell: Animate Dead
  2371 | D:3      | Noticed Jessica
  2543 | D:3      | Reached XP level 5. HP: 25/28 MP: 9/13
  2593 | D:2      | Reached skill level 7 in Necromancy
  2967 | D:3      | Found a white marble altar of Elyvilon.
  2970 | D:3      | Found an ancient bone altar of Kikubaaqudgha.
  2980 | D:3      | Killed Jessica
  2984 | D:3      | Slain by an orc

Vault maps used:
D:1:      nzn_arrival_crosshair, minmay_domino_4
D:2:      minmay_joined_circles
D:3:      chequers_temple_overflow_statue_of_worship, first_ration,
          grunt_ministairs_7, minmay_ogre_servants, uniq_crazy_yiuf_cottage,
          uniq_jessica

Skill      XL: |  1  2  3  4  5 |
---------------+----------------+-----
Necromancy     | 5 6 7 |  7.3
Spellcasting   | 4 |  4.9
Dodging        | |  2.4
Stealth        | |  2.4

Action                   |  1- 3 |  4- 6 || total
-------------------------+-------+-------++-------
Melee: Dagger            |       |     1 ||     1
 Cast: Pain              |    61 |    62 ||   123
       Animate Skeleton  |     8 |     7 ||    15
       Vampiric Draining |     7 |     3 ||    10
       Animate Dead      |       |     1 ||     1
  Eat: Chunk             |     6 |    12 ||    18
Armor: Robe              |     3 |     8 ||    11
Dodge: Dodged            |    13 |    26 ||    39

Table legend:
 A = Non-vault XP
 B = Vault XP
 C = Vault XP percentage of total XP
 D = Non-vault monster count
 E = Vault monster count
 F = Vault count percentage of total count
                 A         B        C        D         E       F
            +---------+---------+-------+---------+---------+-------
      Total |     193 |      84 |  30.3 |      62 |      19 |  23.5
            +---------+---------+-------+---------+---------+-------
        D:1 |      31 |       6 |  16.2 |      15 |       3 |  16.7
        D:2 |     110 |      37 |  25.2 |      26 |      13 |  33.3
        D:3 |      52 |      41 |  44.1 |      21 |       3 |  12.5
            +---------+---------+-------+---------+---------+-------
